 Dungeon Crawl Stone Soup version 0.30-a0-279-g4b46babb21 (webtiles) character file.

Game seed: 16378031483193674082

368 lunkers the Cudgeller (level 6, -4/54 HPs)
             Began as an Armataur Reaver on Oct 16, 2022.
             Was a Follower of the Shining One.
             Slain by a steam dragon (8 damage)
             ... on level 4 of the Dungeon.
             The game lasted 00:04:55 (3551 turns).

lunkers the Cudgeller (Armataur Reaver)             Turns: 3551, Time: 00:04:55

Health: -4/54      AC:  7    Str: 19    XL:     6   Next: 41%
Magic:  8/8        EV:  8    Int: 13    God:    the Shining One [*.....]
Gold:   180        SH:  0    Dex:  9    Spells: 7/8 levels left

rFire   . . .      SeeInvis +    k - +0 dagger (venom)
rCold   . . .      Faith    .    (no shield)
rNeg    . . .      Spirit   .    e - +0 ring mail
rPois   .          Reflect  .    d - +0 helmet
rElec   .          Harm     .    x - +0 cloak
rCorr   +          Roll     +    (no gloves)
Will    .....                    (no barding)
Stlth   ..........               s - amulet of magic regeneration
HPRegen 0.29/turn                t - ring of resist corrosion
MPRegen 0.51/turn                y - ring of see invisible

@: glowing
A: large, rugged brown scales 3, deformed body, armoured tail, roll, long
tongue, awkward tongue
a: Renounce Religion, Divine Shield


You were on level 4 of the Dungeon.
You worshipped the Shining One.
The Shining One was aware of your devotion.
You visited 1 branch of the dungeon, and saw 4 of its levels.

You collected 180 gold pieces.

Inventory:

Hand Weapons
 a - a +0 mace
 k - a +0 dagger of venom (weapon)
Missiles
 q - 3 javelins
 u - 3 boomerangs
Armour
 d - a +0 helmet (worn)
 e - a +0 ring mail (worn)
 x - a +0 cloak (worn)
Jewellery
 s - an amulet of magic regeneration (around neck)
 t - a ring of resist corrosion (left hand)
 y - a ring of see invisible (right hand)
Wands
 g - a wand of flame (17)
Scrolls
 c - 4 scrolls of identify {unknown}
 f - a scroll of teleportation {unknown}
 h - a scroll of amnesia {unknown}
 j - 2 scrolls of noise {unknown}
 m - a scroll of vulnerability {unknown}
 o - a scroll of magic mapping {unknown}
 p - a scroll of enchant weapon {unknown}
Potions
 i - a potion of curing {unknown}
 l - a potion of attraction {unknown}
 n - 2 potions of mutation {unknown}
 r - 2 potions of lignification {unknown}
 v - a potion of cancellation {unknown}
 w - a potion of brilliance {unknown}
 z - 2 potions of resistance {unknown}


   Skills:
 + Level 3.4 Fighting
 - Level 2.3 Short Blades
 * Level 5.2 Maces & Flails
 - Level 1.3 Dodging
 - Level 1.7 Spellcasting
 - Level 2.6 Conjurations


You had 7 spell levels left.
You knew the following spells:

 Your Spells              Type           Power      Damage    Failure   Level
p - Kiss of Death         Conj/Necr      16%        2d6       26%         1

Your spell library contained the following spells:

 Spells                   Type           Power      Damage    Failure   Level
 Momentum Strike          Conj/Tloc      8%         3d8       36%         2
 Hailstorm                Conj/Ice       4%         3d4       61%         3
 Gell's Gravitas          Tloc           1%         N/A       80%         3
 Lesser Beckoning         Tloc           2%         N/A       80%         3
 Teleport Other           Tloc           1%         N/A       80%         3


Dungeon Overview and Level Annotations

Branches:
Dungeon (4/15)
 Temple: D:4-7

Altars:
Ashenzari
Fedhas
Gozag
Qazlal
Ru
Sif Muna
Yredelemnul
The Shining One

Shops:
D:2 (   D:4 [


Innate Abilities, Weirdness & Mutations

You are completely covered in rugged brown scales. (AC +3, +7% HP)
Armour fits poorly on your strangely shaped body.
You have a long armoured tail.
You roll when moving toward enemies. (Rampage)
Your long tongue fully drains potion bottles. (2x potion effects)
Your tongue gives you trouble enunciating. (1.5x scroll delay)


Message History

Okay, then.
You barely miss the steam dragon.
Your tail-slap misses the steam dragon.
The steam dragon is lightly wounded.
The steam dragon barely misses you. The steam dragon claws you.
* * * LOW HITPOINT WARNING * * *
You barely miss the steam dragon.
Your tail-slap misses the steam dragon.
The steam dragon is moderately wounded.
The steam dragon bites you.
* * * LOW HITPOINT WARNING * * *
The steam dragon claws you but does no damage.
You hit the steam dragon but do no damage.
The steam dragon is moderately wounded.
The steam dragon breathes steam at you. The ball of steam hits you!
* * * LOW HITPOINT WARNING * * *
You hear a shout! x2
You hit the steam dragon but do no damage.
The steam dragon looks even sicker.
The steam dragon is moderately wounded.
You are engulfed in a cloud of scalding steam.
* * * LOW HITPOINT WARNING * * *
The steam dragon bites you.
* * * LOW HITPOINT WARNING * * *
The steam dragon claws you. The Shining One protects you from harm!
Aiming: Throw Flame
Press: ? - help, Shift-Dir - straight line, f - steam dragon
Aim: a steam dragon (heavily wounded, very poisoned, haloed, 79% to hit)
The puff of flame misses the steam dragon.
You are engulfed in a cloud of scalding steam.
The Shining One protects you from harm!
The steam dragon bites you but does no damage.
The steam dragon claws you but does no damage.
Aiming: Throw Flame
Press: ? - help, Shift-Dir - straight line, f/p - steam dragon
Aim: a steam dragon (heavily wounded, very poisoned, haloed, 79% to hit)
The puff of flame hits the steam dragon!
The steam dragon is severely wounded.
The steam dragon bites you!
You die...

..# #..+#######+.#
...... .##
#..#...#...#.# ... .#
#..#...#.†.#.##.... ##
#..#.......#..#....
#..###._.###.......
#..#.).....#.......
#..#...#...#.......
######..#)..#...#.......
........'#######@.......
...###.......#..D.......
#### #####..###.###.8...
### #. .... ## #.. .


You could see a steam dragon (very poisoned).

Vanquished Creatures
  A phantom (D:3)
  A scorpion (D:4)
  A hound (D:4)
  Crazy Yiuf (D:3)
  An orc wizard (D:4)
  5 adders
  3 worms
  3 dart slugs
  3 orcs (D:2)
  6 ball pythons
  2 bats
  8 endoplasms
  3 giant cockroaches
  10 goblins
  10 hobgoblins
  9 jackals
  6 kobolds
  4 quokkas
  4 frilled lizards
  5 rats
86 creatures vanquished.

Notes
Turn   | Place    | Note
-------+----------+-------------------------------------------
     0 | D:1      | lunkers the Armataur Reaver began the quest for the Orb.
     0 | D:1      | Reached XP level 1. HP: 18/18 MP: 3/3
   197 | D:1      | Reached skill level 3 in Maces & Flails
   251 | D:1      | Reached XP level 2. HP: 21/25 MP: 4/4
   912 | D:2      | Reached skill level 1 in Short Blades
   912 | D:2      | Reached XP level 3. HP: 25/31 MP: 5/5
  1449 | D:2      | Reached XP level 4. HP: 35/38 MP: 6/6
  1682 | D:2      | Found Gipsit's Antique Weapon Emporium.
  1955 | D:3      | Noticed a phantom
  1984 | D:3      | HP: 1/36 [kobold/+0 whip (3)]
  1993 | D:3      | Killed a phantom
  1993 | D:3      | HP: 1/54 [kobold/+0 whip (2)]
  1994 | D:3      | Reached skill level 4 in Maces & Flails
  1994 | D:3      | Reached XP level 5. HP: 1/47 MP: 7/7
  2238 | D:3      | Found a faded altar of an unknown god.
  2279 | D:3      | Prayed at the altar of an unknown god.
  2279 | D:3      | Became a worshipper of the Shining One
  2279 | D:3      | Reached * piety under the Shining One
  2290 | D:3      | Found a broken altar of Ashenzari.
  2436 | D:3      | Found a runed translucent door.
  2437 | D:3      | Noticed Crazy Yiuf
  2516 | D:3      | Found a stormy altar of Qazlal.
  2516 | D:3      | Found a shimmering blue altar of Sif Muna.
  2720 | D:3      | Found an opulent altar of Gozag.
  2787 | D:3      | Found a blossoming altar of Fedhas.
  2788 | D:3      | Found a basalt altar of Yredelemnul.
  3046 | D:3      | Killed Crazy Yiuf
  3122 | D:4      | Found Biloejis's Armour Shop.
  3193 | D:4      | Reached XP level 6. HP: 29/54 MP: 8/8
  3359 | D:4      | Reached skill level 5 in Maces & Flails
  3466 | D:4      | Found a sacrificial altar of Ru.
  3542 | D:4      | Noticed a steam dragon
  3549 | D:4      | The Shining One protects you from harm!
  3550 | D:4      | The Shining One protects you from harm!
  3551 | D:4      | Slain by a steam dragon

Illustrated notes

Levels and vault maps discovered:
D:1:      kilobyte_arrival_exit_the_forest, layout_basic, serial_park_tiny_pond,
          minmay_misc_feat_chi
D:2:      kennysheep_six_static_rooms, layout_basic, serial_shops, shop
D:3:      layout_loops_ring, nicolae_ashenzari_skybound,
          nicolae_overflow_hidden_temple, gammafunk_temple_overflow_wave,
          ebering_ecumenical_altar_sacrificial, st_stairs_3,
          chequers_serial_rivers_small_3, uniq_crazy_yiuf_cottage
D:4:      layout_cave_pods, nicolae_ru_great_annihilating_truth, serial_shops,
          nicolae_stop_n_shop_1, serial_column_ruins, column_ruins_hut_pillars,
          column_ruins_columns_dead_end, column_ruins_grid_1,
          column_ruins_corridor_corner, column_ruins_grid_1,
          column_ruins_columns_straight, column_ruins_grid_3,
          column_ruins_open_small

Skill      XL: |  1  2  3  4  5  6 |
---------------+-------------------+-----
Maces & Flails | 3 4 5 |  5.2
Short Blades   | 1 2 |  2.3
Fighting       | 2 3 |  3.4
Dodging        | |  1.3
Spellcasting   | |  1.7
Conjurations   | |  2.6

Action                   |  1- 3 |  4- 6 || total
-------------------------+-------+-------++-------
Melee: Mace              |    45 |       ||    45
       Tailslap          |    20 |    28 ||    48
       Dagger            |   106 |   215 ||   321
       Punch             |     3 |     3 ||     6
Invok: Divine Shield     |       |     1 ||     1
Evoke: Wand              |       |     2 ||     2
  Use: Potion            |       |     1 ||     1
Armor: Leather armour    |     4 |       ||     4
       Ring mail         |    71 |    92 ||   163
Dodge: Dodged            |    50 |    67 ||   117
Block: Other             |       |     1 ||     1

Table legend: (Time is in decaauts)
 A = Elapsed time spent in this place.
 B = Non-inter-level travel time spent in this place.
 C = Inter-level travel time spent in this place.
 D = Time resting spent in this place.
 E = Time spent auto-exploring this place.
 F = Levels seen in this place.
 G = Mean time per level.
                   A        B        C        D        E       F      G
               +--------+--------+--------+--------+--------+-----+--------+
         Total |   3545 |   3387 |    158 |    130 |   2638 |   4 |  886.2 |
       Dungeon |   3545 |   3387 |    158 |    130 |   2638 |   4 |  886.2 |
               +--------+--------+--------+--------+--------+-----+--------+

Top non-repeatable levels by time:
     D:3: 1427 daAuts
     D:2: 1072 daAuts
     D:1: 750 daAuts
     D:4: 296 daAuts
